 Dungeon Crawl Stone Soup version 0.31-a0-441-g867994ef1c (webtiles) character file.

Game seed: 3230376095268852231

5874 CraigForest the Basher (level 10, -8/98 HPs)
             Began as an Ogre Fighter on Aug 2, 2023.
             Was an Elder of Nemelex Xobeh.
             Mangled by an orc knight
             ... wielding a +0 war axe
              (21 damage)
             ... in a bailey.
             The game lasted 00:30:21 (8327 turns).

CraigForest the Basher (Ogre Fighter)               Turns: 8327, Time: 00:30:25

Health: -8/98      AC:  8    Str: 30 (32) XL:     10   Next: 81%
Magic:  12/13      EV: 15    Int:  9      God:    Nemelex Xobeh [****..]
Gold:   1395       SH:  0    Dex:  8      Spells: 8/9 levels left

rFire   . . .        x - +1 giant club (chaos)
rCold   + . .        (shield currently unavailable)
rNeg    . . .        B - +1 acid dragon scales
rPois   .            (helmet currently unavailable)
rElec   .            (cloak currently unavailable)
rCorr   +            (gloves unavailable)
SInv    .            (boots unavailable)
Will    +....        F - amulet of regeneration
Stlth   ++           e - +5 ring of evasion
HPRegen 1.16/turn    p - +6 ring of strength
MPRegen 0.13/turn

%: no passive effects
@: mighty, beast-form
A: beast (slay +3), large, unfitting armour, tough skin 1, horns 1, thin
skeletal structure 1, clumsy 1, cold resistance 1, deterioration 1, low MP 1
a: Begin Untransformation, Renounce Religion, Draw Escape, Draw Destruction,
Draw Summoning, Triple Draw, Deal Four


You were in a bailey.
You worshipped Nemelex Xobeh.
Nemelex Xobeh was greatly pleased with you.
You were a hulking beast.
You visited 2 branches of the dungeon, and saw 10 of its levels.
You also visited: Ossuary and Bailey.

You collected 1516 gold pieces.
You spent 121 gold pieces at shops.

Inventory:

Hand Weapons
 a - a +0 war axe
 x - a +1 giant club of chaos (weapon)
 y - a +2 war axe of flaming
Missiles
 t - 2 throwing nets
 G - 6 boomerangs
 H - 6 silver javelins
Armour
 b - a +0 robe
 c - a +0 kite shield
 B - +1 acid dragon scales (worn)
Jewellery
 e - a +5 ring of evasion (left hand)
 i - a ring of ice
 j - a +6 ring of dexterity
 o - an amulet of guardian spirit
 p - a +6 ring of strength (right hand)
 A - an amulet of the acrobat
 C - a +6 ring of strength
 E - an amulet of reflection
 F - an amulet of regeneration (around neck)
 I - the ring "Neasyhy" {Fire Fly Str-4 Int+3}
   (You found it on level 8 of the Dungeon)

   [ring of fire]

   It enhances your fire magic.
   Str:       It affects your strength (-4).
   Int:       It affects your intelligence (+3).
   rF:        It protects you from fire.
   rC:        It makes you vulnerable to cold.
   Fly:       It grants you flight.
Talismans
 g - a beast talisman (active)
Wands
 w - a wand of roots (20)
 D - a wand of charming (12)
 K - a wand of light (5)
Scrolls
 h - 2 scrolls of fog
 l - a scroll of teleportation
 m - 3 scrolls of vulnerability
 s - a scroll of blinking
 u - 4 scrolls of identify
 v - 2 scrolls of amnesia
 z - a scroll of poison
Potions
 f - 4 potions of curing
 k - a potion of degeneration
 n - 3 potions of heal wounds
 q - 2 potions of resistance
 r - 2 potions of brilliance {unknown}
 J - a potion of magic {unknown}


   Skills:
 - Level 6.0 Fighting
 - Level 5.8(8.4) Axes
 + Level 8.6(9.3) Maces & Flails
 + Level 3.0 Armour
 + Level 5.2 Dodging
 - Level 4.2 Shields
 * Level 6.0 Invocations
 + Level 5.2 Shapeshifting


You had 8 spell levels left.
You knew the following spells:

 Your Spells              Type           Power      Damage    Failure   Level
a - Magic Dart            Conj           0%         1d3       43%         1

Your spell library contained the following spells:

 Spells                   Type           Power      Damage    Failure   Level
 Slow                     Hex            0%         N/A       43%         1
 Confusing Touch          Hex            0%         N/A       82%         3
 Ignite Poison            Fire/Tmut/Pois 0%         N/A       82%         3
 Portal Projectile        Hex/Tloc       0%         N/A       82%         3
 Tukima's Dance           Hex            0%         N/A       82%         3
 Vampiric Draining        Necr           0%         2d6       82%         3
 Iskenderun's Mystic Bla  Conj/Tloc      0%         2d3       99%         4
 Passage of Golubria      Tloc           0%         N/A       99%         4
 Yara's Violent Unravell  Hex/Tmut       0%         3d3       100%        5
 Orb of Destruction       Conj           0%         9d5       100%        7
 Fire Storm               Conj/Fire      0%         5d1       100%        9


Dungeon Overview and Level Annotations

Branches:
Dungeon (9/15)             Temple (1/1) D:7         Ossuary (visited)
 Bailey (1/1)
   Lair: D:8-11         Orc: D:9-12

Altars:
Ashenzari
Dithmenos
Elyvilon
Fedhas
Gozag
Hepliaklqana
Kikubaaqudgha
Makhleb
Nemelex Xobeh
Okawaru
Qazlal
Ru
Sif Muna
Trog
Uskayaw
Vehumet
Wu Jian
Xom
Yredelemnul
Zin
The Shining One

Shops:
D:6 !


Innate Abilities, Weirdness & Mutations

You are a hulking beast.
Your limbs bulge with bestial killing power. (Slay +3)
You are too large for most types of armour.
You have tough skin. (AC +1)
You have a pair of small horns on your head.
You have a somewhat thin skeletal structure. (Dex +2, Stealth+)
You are clumsy. (Dex -2)
Your flesh is cold resistant. (rC+)
Your body sometimes deteriorates upon taking damage.
Your magical capacity is low. (-10% MP)


Message History

A goblin comes into view. It is wielding a +0 war axe.
You closely miss the orc warlord.
The orc warlord is heavily wounded.
Your hell hound bites the orc warlord but does no damage.
The orc warlord hits you with a +4 broad axe!!
Your body deteriorates!
You feel weakened.
The orc warlord hits your hell hound with a +4 broad axe!!
Your hell hound dies!
Your hell hound's corpse disappears in a puff of smoke!
The orc warlord hits your chaos spawn with a +4 broad axe.
Your chaos spawn gores the orc warlord but does no damage.
The orc knight hits you with a +0 war axe!!
* * * LOW HITPOINT WARNING * * *
Your body deteriorates!
You feel weakened.
You feel much better.
Your chaos spawn gores the orc warlord but does no damage.
The orc warlord closely misses your chaos spawn.
The orc warlord hits you with a +4 broad axe!
* * * LOW HITPOINT WARNING * * *
The orc knight misses you.
You feel very mighty all of a sudden.
Your chaos spawn barely misses the orc warlord.
The orc warlord hits your chaos spawn with a +4 broad axe!!
Your chaos spawn dies!
Your chaos spawn degenerates into a cloud of primal chaos!
The orc warlord closely misses you.
The orc knight roars a battlecry!
The orc warlord goes into a battle-frenzy!
The orc warlord shouts!
You hear a shout!
Unknown command.
Unknown command.
Unknown command.
Unknown command.
You closely miss the orc warlord.
The orc warlord is heavily wounded.
The orc warlord hits you with a +4 broad axe!
* * * LOW HITPOINT WARNING * * *
The orc knight hits you with a +0 war axe!!
You die...
Your body glows slightly and disappears.

........#
.......# ⌠.....#
.g... .... gg###
## #o#.### ..#
###h....### #
.... ##..o§....!#
#
)..)##8.)......?!
#
..)..#8.........!
#
)))..))....⌠....∩
#
.)).#8.........?
#
...##8........?!
##
...###........!#
.###
.###.###.....###


You could see an orc warlord (strong), an orc knight (strong), a gnoll, a
hobgoblin and a goblin.

Vanquished Creatures
  The ghost of LeprechaunX the Insei, a novice OpSh of Cheibriados (D:8)
  2 orc knights (Bailey)
  Maggie (D:7)
  2 steam dragons (D:8)
  Menkaure (D:4)
  The ghost of GloriousHammer the Sneak, an amateur KoEn (D:3)
  9 orc warriors
  2 ice beasts
  2 sky beasts (D:8)
  An ogre (D:5)
  A black bear (D:7)
  3 centaurs
  2 elf zombies (Ossuary)
  6 bullfrogs
  3 scorpions
  A hornet simulacrum (D:8)
  6 killer bees (D:8)
  4 jellies
  2 howler monkeys (D:8)
  A centaur zombie (Ossuary)
  6 hounds
  An orc priest (D:6)
  A gnoll bouda (D:7)
  5 iguanas
  2 orc wizards
  2 mummies (Ossuary)
  Robin (D:4)
  14 gnolls
  11 adders
  A river rat (D:7)
  7 white imps
  An ufetubus (D:4)
  An adder zombie (Ossuary)
  23 orcs
  8 endoplasms
  3 giant cockroaches
  25 goblins
  23 hobgoblins
  6 quokkas
  9 ball pythons
  2 bats (D:1)
  A frilled lizard (D:1)
  2 goblin zombies
  6 hobgoblin zombies (Ossuary)
  2 jackal zombies (Ossuary)
  3 kobolds
  13 kobold zombies (Ossuary)
  10 orc zombies (Ossuary)
  5 rats
  A rat zombie (D:6)
246 creatures vanquished.

Notes
Turn   | Place    | Note
-------+----------+-------------------------------------------
     0 | D:1      | CraigForest the Ogre Fighter began the quest for the Orb.
     0 | D:1      | Reached XP level 1. HP: 24/24 MP: 1/1
   110 | D:1      | Reached XP level 2. HP: 32/32 MP: 2/2
   435 | D:1      | Reached XP level 3. HP: 36/40 MP: 3/3
   721 | D:2      | Identified the +1 robe "Umoiruamm" {Stlth+}
   954 | D:2      | Found a burning altar of Makhleb.
  1273 | D:3      | Noticed GloriousHammer's ghost (amateur KoEn)
  1273 | D:3      | Found a runed translucent door.
  1288 | D:3      | Killed GloriousHammer's ghost
  1289 | D:3      | Reached skill level 1 in Shapeshifting
  1289 | D:3      | Reached XP level 4. HP: 39/49 MP: 4/4
  1289 | D:3      | Reached XP level 5. HP: 44/55 MP: 5/5
  1486 | D:3      | Found a broken altar of Ashenzari.
  1627 | D:3      | Reached skill level 5 in Fighting
  1835 | D:3      | Found a faded altar of an unknown god.
  1837 | D:3      | Noticed a golden eye
  1837 | D:3      | Noticed a shining eye
  1838 | D:3      | Noticed a shining eye
  1838 | D:3      | Noticed a floating eye
  1843 | D:3      | Prayed at the altar of an unknown god.
  1843 | D:3      | Became a worshipper of Nemelex Xobeh the Trickster
  1843 | D:3      | Reached * piety under Nemelex Xobeh
  1932 | D:4      | Reached XP level 6. HP: 63/66 MP: 6/6
  1940 | D:4      | Received a gift from Nemelex Xobeh
  2021 | D:4      | Noticed Robin
  2028 | D:4      | Killed Robin
  2272 | D:4      | Noticed Menkaure
  2277 | D:4      | Killed Menkaure
  2278 | D:4      | Reached XP level 7. HP: 22/72 MP: 1/7
  2560 | D:4      | Reached ** piety under Nemelex Xobeh
  2574 | D:4      | Gained mutation: You are agile. (Dex +4, Str/Int -1)
                  | [potion of mutation]
  2574 | D:4      | Gained mutation: You are weak. (Str -2) [potion of
                  | mutation]
  2574 | D:4      | Gained mutation: You have a pair of small antennae on your
                  | head. [potion of mutation]
  2574 | D:4      | Gained mutation: You are very agile. (Dex +8, Str/Int -2)
                  | [potion of mutation]
  2575 | D:4      | Lost mutation: You are weak. (Str -2) [potion of mutation]
  2575 | D:4      | Lost mutation: You are very agile. (Dex +8, Str/Int -2)
                  | [potion of mutation]
  2575 | D:4      | Lost mutation: You have a pair of small antennae on your
                  | head. [potion of mutation]
  2575 | D:4      | Gained mutation: Your body sometimes deteriorates upon
                  | taking damage. [potion of mutation]
  2575 | D:4      | Gained mutation: You have a somewhat thin skeletal
                  | structure. (Dex +2, Stealth+) [potion of mutation]
  2575 | D:4      | Gained mutation: Your mind is acute. (Int +4, Str/Dex -1)
                  | [potion of mutation]
  2763 | D:4      | Received a gift from Nemelex Xobeh
  3097 | D:5      | Entered Level 5 of the Dungeon
  3182 | D:5      | Reached skill level 5 in Axes
  3666 | D:5      | Reached XP level 8. HP: 83/83 MP: 8/8
  3841 | D:5      | Reached skill level 1 in Maces & Flails
  4244 | D:6      | Got the Textbook on the Scintillating Stinger
  4247 | D:6      | Learned a level 1 spell: Magic Dart
  4307 | D:6      | Found Difyat's Distillery.
  4313 | D:6      | Bought a potion of curing for 33 gold pieces
  4313 | D:6      | Bought a potion of mutation for 88 gold pieces
  4313 | D:6      | Lost mutation: You are agile. (Dex +4, Str/Int -1) [potion
                  | of mutation]
  4313 | D:6      | Lost mutation: Your mind is acute. (Int +4, Str/Dex -1)
                  | [potion of mutation]
  4313 | D:6      | Gained mutation: You are clumsy. (Dex -2) [potion of
                  | mutation]
  4313 | D:6      | Gained mutation: Your flesh is cold resistant. (rC+)
                  | [potion of mutation]
  4313 | D:6      | Gained mutation: Your magical capacity is low. (-10% MP)
                  | [potion of mutation]
  4313 | D:6      | Gained mutation: You have a pair of small horns on your
                  | head. [potion of mutation]
  4376 | D:6      | Reached *** piety under Nemelex Xobeh
  4376 | D:6      | Received a gift from Nemelex Xobeh
  4378 | D:6      | Found a sand-covered staircase.
  4386 | Ossuary  | Entered an ossuary
  4535 | Ossuary  | Reached skill level 2 in Maces & Flails
  4600 | Ossuary  | Reached skill level 1 in Invocations
  4820 | D:6      | Reached skill level 3 in Maces & Flails
  4829 | D:6      | Found a blossoming altar of Fedhas.
  4832 | D:6      | Found a stormy altar of Qazlal.
  4982 | D:6      | Found a glowing golden altar of the Shining One.
  5011 | D:6      | Found a sacrificial altar of Ru.
  5011 | D:6      | Found a shadowy altar of Dithmenos.
  5011 | D:6      | Found a hazy altar of Hepliaklqana.
  5011 | D:6      | Found a radiant altar of Vehumet.
  5015 | D:6      | Reached skill level 4 in Maces & Flails
  5018 | D:6      | Reached XP level 9. HP: 71/89 MP: 6/9
  5075 | D:6      | Found a shimmering altar of Xom.
  5080 | D:6      | Found a glowing silver altar of Zin.
  5234 | D:6      | Identified a scroll of acquirement
  5234 | D:6      | Acquired 1044 gold pieces
  5303 | D:6      | Found a sparkling altar of Nemelex Xobeh.
  6195 | D:7      | Noticed Maggie
  6196 | D:7      | Found a staircase to the Ecumenical Temple.
  6200 | D:7      | Killed Maggie
  6201 | D:7      | Reached skill level 5 in Maces & Flails
  6220 | Temple   | Entered the Ecumenical Temple
  6515 | D:7      | Received a gift from Nemelex Xobeh
  6632 | D:7      | Reached **** piety under Nemelex Xobeh
  6883 | D:8      | Found a runed translucent gate.
  6883 | D:8      | Found a runed translucent gate.
  6887 | D:8      | Found a runed translucent gate.
  6929 | D:8      | Reached skill level 6 in Maces & Flails
  6992 | D:8      | Noticed LeprechaunX's ghost (novice OpSh)
  7021 | D:8      | Reached skill level 1 in Armour
  7207 | D:8      | Received a gift from Nemelex Xobeh
  7737 | D:8      | Reached XP level 10. HP: 94/98 MP: 12/12
  7918 | D:8      | Killed LeprechaunX's ghost
  7919 | D:8      | Reached skill level 7 in Maces & Flails
  7919 | D:8      | Reached skill level 5 in Dodging
  7919 | D:8      | Reached skill level 5 in Invocations
  7940 | D:8      | Got the ring "Neasyhy" {Fire Fly Str-4 Int+3}
  8063 | D:9      | Found a flagged portal.
  8131 | Bailey   | Entered a bailey
  8215 | Bailey   | Reached skill level 5 in Shapeshifting
  8238 | Bailey   | Noticed an orc knight
  8271 | Bailey   | Killed an orc knight
  8272 | Bailey   | Reached skill level 8 in Maces & Flails
  8303 | Bailey   | Identified the +1 robe "Joexzeq" {Regen+}
  8304 | Bailey   | Received a gift from Nemelex Xobeh
  8306 | Bailey   | Noticed an orc warlord
  8308 | Bailey   | Noticed an orc knight
  8311 | Bailey   | Killed an orc knight
  8316 | Bailey   | Noticed an orc knight
  8327 | Bailey   | Mangled by an orc knight

Illustrated notes

Levels and vault maps discovered:
D:1:      minmay_arrival_four_circles, layout_basic
D:2:      layout_loops_ring, basic_altar
D:3:      layout_rooms, evilmike_ruin_ashenzari, ebering_ghost_reflecting_pool,
          hellmonk_ecumenical_altar_watching_god
D:4:      layout_basic, uniq_robin, uniq_menkaure
D:5:      layout_loops_corners
D:6:      layout_loops_corners, grunt_temple_overflow_forces_of_nature,
          kennysheep_mini, minmay_overflow_temple_hex, kennysheep_little_box,
          serial_shops, nicolae_shop_competitors_out_of_business, serial_rivers,
          chequers_serial_rivers_room_a, chequers_serial_rivers_large_b,
          chequers_serial_rivers_micro_a, chequers_serial_rivers_micro_d,
          enter_ossuary_4
D:7:      layout_rooms, minmay_temple_entry_statues_pillars, uniq_maggie
D:8:      layout_basic, gammafunk_ghost_icy
D:9:      layout_basic, enter_bailey_8
Temple:   nicolae_temple_ecumenical_triangle
Bailey:   bailey_axe_minmay_hex_keep, bailey

Skill      XL: |  1  2  3  4  5  6  7  8  9 10 |
---------------+-------------------------------+-----
Dodging        | 3 4 5 |  5.2
Axes           | 3 4 5 |  5.8
Shapeshifting  | 1 2 3 4 5 |  5.2
Fighting       | 5 6 |  6.0
Shields        | 4 |  4.2
Maces & Flails | 4 6 8 |  8.6
Invocations    | 2 4 6 |  6.0
Armour         | 1 3 |  3.0

Action                     |  1- 3 |  4- 6 |  7- 9 | 10-12 || total
---------------------------+-------+-------+-------+-------++-------
  Melee: War axe           |   114 |    84 |    77 |       ||   275
         Giant club        |       |       |   221 |   102 ||   323
         Headbutt          |       |       |    34 |    25 ||    59
 Invoke: Draw Destruction  |       |     3 |    11 |     5 ||    19
         Triple Draw       |       |       |       |     1 ||     1
    Use: Scroll            |       |     3 |    13 |     1 ||    17
         Potion            |       |       |     3 |     3 ||     6
   Stab: Sleeping          |     1 |       |     6 |       ||     7
 Armour: Robe              |    29 |    18 |    31 |       ||    78
         Acid dragon scale |       |       |    39 |    33 ||    72
  Dodge: Dodged            |    67 |    61 |   287 |    83 ||   498
  Block: Kite shield       |    54 |    38 |    35 |       ||   127
   Form: Beast             |     1 |       |       |       ||     1

Table legend: (Time is in decaauts)
 A = Elapsed time spent in this place.
 B = Non-inter-level travel time spent in this place.
 C = Inter-level travel time spent in this place.
 D = Time resting spent in this place.
 E = Time spent auto-exploring this place.
 F = Levels seen in this place.
 G = Mean time per level.
                   A        B        C        D        E       F      G
               +--------+--------+--------+--------+--------+-----+--------+
         Total |   8539 |   8286 |    253 |    208 |   5987 |  12 |  711.6 |
       Dungeon |   7899 |   7646 |    253 |    108 |   5901 |   9 |  877.7 |
        Temple |      9 |      9 |      0 |      0 |      0 |   1 |    9.0 |
       Ossuary |    423 |    423 |      0 |    100 |     63 |   1 |  423.0 |
        Bailey |    206 |    206 |      0 |      0 |     23 |   1 |  206.0 |
               +--------+--------+--------+--------+--------+-----+--------+

Top non-repeatable levels by time:
     D:6: 1575 daAuts
     D:8: 1245 daAuts
     D:4: 1206 daAuts
     D:5: 1159 daAuts
     D:1: 728 daAuts
     D:3: 670 daAuts
     D:2: 598 daAuts
     D:7: 571 daAuts
 Ossuary: 423 daAuts
  Bailey: 206 daAuts
     D:9: 143 daAuts
  Temple: 9 daAuts
